 Dungeon Crawl Stone Soup version 0.31-a0-236-g9a0961fb85 (webtiles) character file.

Game seed: 814784715848965398

416 Midn8 the Conjurer (level 6, -1/41 HPs)
             Began as an Octopode Conjurer on July 10, 2023.
             Was a Follower of Vehumet.
             Slain by a kobold brigand
             ... wielding a +0 short sword
              (8 damage)
             ... in a sewer.
             The game lasted 00:10:00 (4407 turns).

Midn8 the Conjurer (Octopode Conjurer)              Turns: 4407, Time: 00:10:01

Health: -1/41      AC:  8    Str: 12    XL:     6   Next: 92%
Magic:  8/12       EV: 12    Int: 22    God:    Vehumet [*.....]
Gold:   123        SH:  3    Dex: 11    Spells: 10/13 levels left

rFire   . . .        k - +0 whip (elec)
rCold   . . .        e - +0 buckler {AC+3}
rNeg    . . .        (helmet restricted)
rPois   .            (no amulet)
rElec   .            d - +4 ring of protection
rCorr   .            l - +6 ring of strength
SInv    .            (no ring)
Will    .....        (no ring)
Stlth   ++++         (no ring)
HPRegen 0.26/turn    (no ring)
MPRegen 0.13/turn    (no ring)
                     (no ring)

%: no passive effects
@: slowed, very slow
A: almost no armour, amphibious, 8 rings, camouflage 1, gelatinous body 1,
nimble swimmer 1, tentacles
a: Renounce Religion


You were in a sewer.
You worshipped Vehumet.
Vehumet was aware of your devotion.
You visited 1 branch of the dungeon, and saw 4 of its levels.
You also visited: Sewer.

You collected 123 gold pieces.

Inventory:

Hand Weapons
 b - a +0 dagger
 f - a +2 whip of holy wrath
 h - a +0 dagger of venom
 k - a +0 whip of electrocution (weapon)
Missiles
 n - 3 poisoned darts
Armour
 e - a +0 buckler of protection (worn)
Jewellery
 d - a +4 ring of protection (left tentacle)
 l - a +6 ring of strength (right tentacle)
Wands
 g - a wand of mindburst (10)
 j - a wand of digging (5)
Potions
 a - a potion of magic
 c - a potion of curing
 i - 2 potions of brilliance {unknown}
 m - a potion of might


   Skills:
 + Level 2.9 Fighting
 - Level 2.0 Dodging
 - Level 3.5 Stealth
 - Level 4.0 Spellcasting
 - Level 6.0 Conjurations


You had 10 spell levels left.
You knew the following spells:

 Your Spells              Type           Power      Damage    Failure   Level
a - Magic Dart            Conj           100%       1d8       1%          1
s - Searing Ray           Conj           60%        2d6       1%          2

Your spell library contained the following spells:

 Spells                   Type           Power      Damage    Failure   Level
 Freeze                   Ice            16%        1d4       16%         1
 Dazzling Flash           Conj/Hex       34%        N/A       14%         3
 Fulminant Prism          Conj/Hex       8%         3d6       43%         4
 Iskenderun's Mystic Bla  Conj/Tloc      17%        2d5       43%         4


Dungeon Overview and Level Annotations

Branches:
Dungeon (4/15)              Sewer (1/1)
 Temple: D:4-7

Altars:
Elyvilon
Vehumet

Shops:
D:2 (


Innate Abilities, Weirdness & Mutations

You cannot wear most types of armour.
You are amphibious.
You can wear up to eight rings at the same time.
Your skin changes colour to match your surroundings (Stealth+).
Your rubbery body absorbs attacks. (AC +1, EV +1)
You are camouflaged when in or above water. (Stealth+)
You have tentacles for arms and can constrict up to eight enemies at once.


Message History

Aiming: Magic Dart (safe; 1% risk of failure)
Press: ? - help, Shift-Dir - straight line, f - kobold brigand
Aim: a kobold brigand, wielding a +0 short sword and quivering curare-tipped darts (100% to hit)
The magic dart hits the kobold brigand but does no damage.
You feel very sick.
The kobold brigand throws a curare-tipped dart.
The curare-tipped dart barely misses you.
Casting: Magic Dart (safe; 1% risk of failure)
Confirm with . or Enter, or press ? or * to list all spells.
Aiming: Searing Ray (safe; 1% risk of failure)
Press: ? - help, Shift-Dir - straight line, f/p - kobold brigand
Aim: a kobold brigand, wielding a +0 short sword and quivering curare-tipped darts (74% to hit)
The searing ray misses the kobold brigand. (Press . to maintain the ray.)
You feel very sick.
The searing ray hits the kobold brigand!
The kobold brigand is moderately wounded.
You feel sick.
The kobold brigand throws a curare-tipped dart.
The curare-tipped dart hits you.
You are more poisoned.
You have difficulty breathing.
* * * LOW HITPOINT WARNING * * *
You feel as though you will be slow longer.
The searing ray misses the kobold brigand.
* * * LOW HITPOINT WARNING * * *
You feel very sick.
Unknown command.
You feel better.
The kobold brigand hits you with a +0 short sword.
* * * LOW HITPOINT WARNING * * *
The kobold brigand hits you with a +0 short sword.
* * * LOW HITPOINT WARNING * * *
Unknown command.
Aiming: Mindburst
Press: ? - help, Shift-Dir - straight line, f/p - kobold brigand
Aim: a kobold brigand, wielding a +0 short sword and quivering curare-tipped darts (moderately wounded, chance to affect: 64%)
The kobold brigand struggles to resist.
The kobold brigand hits you with a +0 short sword!
You die...

#.~~≈~.~############
#..~≈~~~~)~~~~~~~~~~
#~~~≈~.~############
#.~~≈~..# #.~)≈~~.#
#~~≈≈≈~~# #~~≈≈≈~~#
#.~≈≈≈~.# #..@~~.~#
#†.K~)~.# ####.####
... .... ..~≈ ...~.
....##


You could see a kobold brigand.

Vanquished Creatures
  A kobold brigand (Sewer)
  Blork the orc (D:4)
  2 iguanas
  Terence (D:3)
  3 gnolls (D:3)
  A river rat (Sewer)
  5 adders
  An ufetubus (D:4)
  A worm (D:4)
  2 dart slugs
  6 orcs (D:3)
  10 bats
  10 endoplasms
  2 giant cockroaches
  7 hobgoblins
  6 jackals
  6 quokkas
  7 ball pythons
  3 frilled lizards
  8 goblins
  11 kobolds
  15 rats
109 creatures vanquished.

Notes
Turn   | Place    | Note
-------+----------+-------------------------------------------
     0 | D:1      | Midn8 the Octopode Conjurer began the quest for the Orb.
     0 | D:1      | Reached XP level 1. HP: 11/11 MP: 3/3
   184 | D:1      | Reached XP level 2. HP: 17/17 MP: 3/5
   314 | D:1      | Learned a level 2 spell: Searing Ray
   902 | D:1      | Reached XP level 3. HP: 21/21 MP: 3/6
  1328 | D:2      | Identified a scroll of acquirement
  1328 | D:2      | Acquired a +0 buckler of protection
  1472 | D:2      | Found Siyqusodugg's Weapon Shoppe.
  1691 | D:2      | Reached skill level 5 in Conjurations
  2014 | D:2      | Reached XP level 4. HP: 27/27 MP: 4/7
  2291 | D:2      | Found a radiant altar of Vehumet.
  2298 | D:2      | Became a worshipper of Vehumet
  2784 | D:3      | Reached skill level 6 in Conjurations
  2784 | D:3      | Reached XP level 5. HP: 31/31 MP: 0/8
  2902 | D:3      | Noticed Terence
  2908 | D:3      | Killed Terence
  3772 | D:3      | Found a white marble altar of Elyvilon.
  3841 | D:3      | Reached * piety under Vehumet
  3841 | D:3      | Offered knowledge of Freeze by Vehumet.
  3939 | D:4      | Reached XP level 6. HP: 36/36 MP: 5/11
  3985 | D:4      | Noticed Blork the orc
  3990 | D:4      | Killed Blork the orc
  3991 | D:4      | Reached skill level 1 in Fighting
  4092 | D:4      | Found a glowing drain.
  4119 | Sewer    | Entered a sewer
  4407 | Sewer    | Slain by a kobold brigand

Illustrated notes

Levels and vault maps discovered:
D:1:      mrwooster_arrival_statue_3, layout_basic,
          chequers_serial_rivers_small_b, minmay_heptomino_d4
D:2:      layout_basic, basic_altar, serial_shops, shop, minmay_small_reverse_x
D:3:      layout_loops_corners, nicolae_elyvilon_temple_path, uniq_terence
D:4:      layout_rooms, portal_sewer_entry_a, uniq_edmund, uniq_blork_the_orc,
          uniq_ijyb
Sewer:    sewer_kobolds

Skill      XL: |  1  2  3  4  5  6 |
---------------+-------------------+-----
Stealth        | 3 |  3.5
Conjurations   | 5 6 |  6.0
Spellcasting   | 3 4 |  4.0
Fighting       | 2 |  2.9
Dodging        | |  2.0

Action                     |  1- 3 |  4- 6 || total
---------------------------+-------+-------++-------
  Melee: Dagger            |    19 |     1 ||    20
         Tentacles         |     9 |     8 ||    17
         Constrict         |     7 |     5 ||    12
         Whip              |     1 |    21 ||    22
   Cast: Magic Dart        |    68 |    82 ||   150
         Searing Ray       |     2 |    14 ||    16
  Evoke: Wand              |       |     2 ||     2
    Use: Scroll            |     3 |     4 ||     7
         Potion            |       |     1 ||     1
   Stab: Sleeping          |       |     1 ||     1
 Armour: Skin              |     9 |     5 ||    14
  Dodge: Dodged            |     9 |    21 ||    30
  Block: Buckler           |       |     2 ||     2

Table legend: (Time is in decaauts)
 A = Elapsed time spent in this place.
 B = Non-inter-level travel time spent in this place.
 C = Inter-level travel time spent in this place.
 D = Time resting spent in this place.
 E = Time spent auto-exploring this place.
 F = Levels seen in this place.
 G = Mean time per level.
                   A        B        C        D        E       F      G
               +--------+--------+--------+--------+--------+-----+--------+
         Total |   4410 |   4356 |     54 |   1687 |   2042 |   5 |  882.0 |
       Dungeon |   4119 |   4065 |     54 |   1528 |   2024 |   4 | 1029.8 |
         Sewer |    291 |    291 |      0 |    159 |     18 |   1 |  291.0 |
               +--------+--------+--------+--------+--------+-----+--------+

Top non-repeatable levels by time:
     D:3: 1504 daAuts
     D:1: 1284 daAuts
     D:2: 1145 daAuts
   Sewer: 291 daAuts
     D:4: 184 daAuts
